 Dungeon Crawl Stone Soup version 0.21.1-1-g345015f (webtiles) character file.

60 stankywizzleteets the Chopper (level 4, 0/31 HPs)
             Began as a Halfling Chaos Knight on June 14, 2018.
             Slain by a bullfrog (1 damage)
             ... on level 2 of the Dungeon.
             The game lasted 00:08:14 (1542 turns).

stankywizzleteets the Chopper (HaCK)                Turns: 1542, Time: 00:08:14

Health: 0/31       AC:  5    Str: 16    XL:     4   Next: 24%
Magic:  4/4        EV: 14    Int: 10    God:    Xom [......]
Gold:   84         SH:  0    Dex: 13    Spells: 3/3 levels left

rFire    + . .     SeeInvis .   a - +0 hand axe (chaos)
rCold    . . .     Gourm    .   (shield restricted)
rNeg     . . .     Faith    .   b - +2 leather armour
rPois    .         Spirit   .   (no helmet)
rElec    .         Reflect  .   (no cloak)
rCorr    .         Harm     .   (no gloves)
MR       +....     Clarity  +   (no boots)
Stlth    +.........             (no amulet)
HPRegen  0.10/turn              i - ring of protection from fire
MPRegen  0.09/turn              (no ring)

@: no status effects
A: small, clarity, magic resistance 1, mutation resistance 1, strong 1
a: Renounce Religion


You were on level 2 of the Dungeon.
You worshipped Xom.
You were a very special plaything of Xom.
You were not hungry.

You visited 1 branch of the dungeon, and saw 2 of its levels.

You collected 84 gold pieces.

Inventory:

Hand Weapons
 a - a +0 hand axe of chaos (weapon)
Armour
 b - a +2 leather armour (worn)
Jewellery
 i - a ring of protection from fire (left hand)
Scrolls
 e - 4 scrolls of identify {unknown}
 f - a scroll of immolation {unknown}
 j - a scroll of enchant weapon {unknown}
 m - a scroll of remove curse {unknown}
Potions
 d - a potion of might {unknown}
 g - a potion of mutation {unknown}
 h - a potion of curing {unknown}
 k - a potion of agility {unknown}
Comestibles
 c - 6 rations
 l - 3 chunks of flesh


   Skills:
 + Level 3.0 Fighting
 + Level 4.0 Axes
 + Level 2.7 Armour
 + Level 1.5 Dodging
 + Level 0.5 Stealth


You had 3 spell levels left.
You didn't know any spells.

Dungeon Overview and Level Annotations

Branches:
Dungeon (2/15)

Altars:
Xom


Innate Abilities, Weirdness & Mutations

You are small and have problems with some larger weapons.
You are somewhat resistant to further mutation.
You possess an exceptional clarity of mind.
You are resistant to hostile enchantments. (MR+)
Your muscles are strong. (Str +2)


Message History

The bullfrog barely misses you.
The dart slug bites you but does no damage.
The leopard gecko misses you. The bullfrog hits you.
* * * LOW HITPOINT WARNING * * *
You hit the dart slug.
You kill the dart slug!
You hit the leopard gecko.
The leopard gecko seems to slow down.
You freeze the leopard gecko. You barely miss the bullfrog.
The bat closely misses you. The bullfrog closely misses you.
The leopard gecko completely misses you.
You barely miss the bat. You closely miss the bullfrog.
You miss the leopard gecko. The bat closely misses you. The bullfrog hits you.
* * * LOW HITPOINT WARNING * * *
The bullfrog barely misses you.
The leopard gecko bites you but does no damage.
The bullfrog hits you.
* * * LOW HITPOINT WARNING * * *
The bat hits you but does no damage. The bullfrog hits you.
You die...
Xom is highly amused!

##..#.
##..#.≈#
#≈..≈.≈ #
#≈(..# ._
#≈#.## ≈#≈
#≈.≈.#.≈..
###.l.≈..# #
#.@b.r.#.≈≈.
#.#F.#≈#.⌠≈#
#.#≈≈⌠..⌠.≈.
#.#.#⌠##.###
#.##.[#≈#≈≈#
#.##..(≈....
#.###.%#≈≈≈≈
#.†##..#≈#.#
####..##.#####


You could see a bullfrog, a leopard gecko, a bat and a rat.

Vanquished Creatures
  An adder (D:2)
  A river rat (D:2)
  A worm (D:2)
  A dart slug (D:2)
  7 bats
  3 giant cockroaches (D:1)
  5 goblins
  5 hobgoblins (D:1)
  5 jackals
  3 frilled lizards
  2 kobolds
  A rat (D:1)
35 creatures vanquished.

Notes
Turn   | Place    | Note
-------+----------+-------------------------------------------
     0 | D:1      | stankywizzleteets the Halfling Chaos Knight began the quest for the Orb.
     0 | D:1      | Reached XP level 1. HP: 15/15 MP: 1/1
   162 | D:1      | XOM: silly message
   258 | D:1      | XOM: divination: detect items
   276 | D:1      | XOM: divination: detect creatures
   293 | D:1      | Reached XP level 2. HP: 18/20 MP: 2/2
   512 | D:1      | XOM: cloud trail
   567 | D:1      | Reached XP level 3. HP: 13/25 MP: 3/3
   581 | D:1      | XOM: mild Tmut miscast
   617 | D:1      | XOM: give mutations
   617 | D:1      | Gained mutation: Your muscles are strong. (Str +2) [Xom's grace]
   617 | D:1      | Gained mutation: You possess an exceptional clarity of mind. [Xom's grace]
   617 | D:1      | Gained mutation: You are resistant to hostile enchantments. (MR+) [Xom's grace]
  1314 | D:2      | XOM: silly message
  1357 | D:2      | XOM: polymorph something unseen -> river rat
  1365 | D:2      | Reached skill level 4 in Axes
  1365 | D:2      | Reached XP level 4. HP: 11/31 MP: 4/4
  1531 | D:2      | Noticed a bullfrog
  1533 | D:2      | Found a shimmering altar of Xom.
  1542 | D:2      | HP: 1/31 [bullfrog (2)]
  1542 | D:2      | Slain by a bullfrog

Skill      XL: |  1  2  3 |
---------------+----------+-----
Fighting       | 3 |  3.0
Axes           | 4 |  4.0
Armour         | |  2.7
Dodging        | |  1.5
Stealth        | |  0.5

Action                   |  1- 3 |  4- 6 || total
-------------------------+-------+-------++-------
Melee: Hand axe          |    87 |    12 ||    99
 Stab: Petrifying        |     3 |       ||     3
       Paralysed         |     2 |       ||     2
  Eat: Ration            |     1 |       ||     1
Armor: Leather armour    |    53 |     8 ||    61
Dodge: Dodged            |    95 |    19 ||   114
